TOP OF THE 1ST |
---|
Kingston Iguanas batting - Pitching for Buffalo LightSabres : RHP Howard Jewel | Pitching: RHP Howard Jewel | | Batting: LHB Marvin Nichols | 0-0: Ball 1-0: Foul Ball, location: 2F 1-1: DOUBLE (Line Drive, 89XD) | Batting: RHB Sergio Mata | 0-0: Called Strike 0-1: Ball 1-1: Foul Ball, location: 2F 1-2: Ball 2-2: SINGLE (Groundball, 56D) Marvin Nichols to third Runner from 3rd tries for Home, SAFE, no throw | Batting: LHB Jon Quinn | 0-0: Ball 1-0: Ball 2-0: Ball 3-0: Called Strike 3-1: Base on Balls Sergio Mata to second | Batting: RHB Bobby Armstrong | 0-0: Called Strike 0-1: Swinging Strike 0-2: Strikes out swinging | Batting: RHB Bob Lee | 0-0: Ball 1-0: Ball 2-0: Ball 3-0: Called Strike 3-1: Foul Ball, location: 2F 3-2: SINGLE (Groundball, 34) (infield hit) Sergio Mata to third Jon Quinn to second | Batting: LHB Henry Durham | 0-0: Ball 1-0: Called Strike 1-1: Foul Ball, location: 2F 1-2: Ball 2-2: Ball 3-2: Foul Ball, location: 2F 3-2: Foul Ball, location: 2F 3-2: Fly out, F8 (Flyball, 8LM) Runner from 3rd tags up, SCORES, throw made | Batting: RHB Tim Davis | 0-0: Swinging Strike 0-1: Swinging Strike 0-2: Ball 1-2: Foul Ball, location: 2F 1-2: Fielders Choice at 2nd, 5-4 (Groundball, 56) | Top of the 1st over - 2 runs, 3 hits, 0 errors, 2 left on base; Kingston 2 - Buffalo 0 | BOTTOM OF THE 1ST |
---|
Buffalo LightSabres batting - Pitching for Kingston Iguanas : RHP Josh Young | Pitching: RHP Josh Young | | Batting: RHB Lou Hammond | 0-0: Ball 1-0: Ball 2-0: Ball 3-0: Base on Balls | Batting: RHB Raúl Flores | 0-0: Swinging Strike 0-1: Ball 1-1: Called Strike 1-2: DOUBLE (Groundball, 5L) Lou Hammond to third | Batting: RHB Sean White | 0-0: Ball 1-0: Ball 2-0: Ball 3-0: Called Strike 3-1: Fly out, F8 (Flyball, 8LS) Runner from 3rd tags up, SCORES, no throw | Now in CF: Billy Anderson | | Batting: LHB Garrett King | 0-0: Ball 1-0: Ground out 1-3 (Groundball, 15S) | Batting: RHB Mario Solís | 0-0: Fly out, F7 (Flyball, 7LS) | Bottom of the 1st over - 1 run, 1 hit, 0 errors, 1 left on base; Kingston 2 - Buffalo 1 | TOP OF THE 2ND |
---|
Kingston Iguanas batting - Pitching for Buffalo LightSabres : RHP Howard Jewel | Batting: SHB Júlio Valentín | 0-0: Ball 1-0: Foul Ball, location: 2F 1-1: Swinging Strike 1-2: Ball 2-2: Fly out, F6 (Line Drive, 6M) | Batting: RHB Cristián López | 0-0: Called Strike 0-1: Foul Ball, location: 2F 0-2: Strikes out looking | Batting: LHB Billy Anderson | 0-0: Called Strike 0-1: Ball 1-1: Swinging Strike 1-2: Ball 2-2: Ground out U3 (Groundball, 3) | Top of the 2nd over - 0 runs, 0 hits, 0 errors, 0 left on base; Kingston 2 - Buffalo 1 | BOTTOM OF THE 2ND |
---|
Buffalo LightSabres batting - Pitching for Kingston Iguanas : RHP Josh Young | Batting: LHB Emílio Montoya | 0-0: Foul Ball, location: 2F 0-1: Ball 1-1: Foul Ball, location: 2F 1-2: Fly out, F9 (Flyball, 89M) | Batting: RHB Huub Stolk | 0-0: Called Strike 0-1: Ball 1-1: Ground out 6-3 (Groundball, 6) | Batting: RHB Pedro Romero | 0-0: Foul Ball, location: 2F 0-1: Ball 1-1: Swinging Strike 1-2: Foul Ball, location: 2F 1-2: Ball 2-2: SINGLE (Groundball, 56D) | Batting: RHB José Rosales | 0-0: Ball 1-0: Ground out 1-3 (Groundball, 13S) | Bottom of the 2nd over - 0 runs, 1 hit, 0 errors, 1 left on base; Kingston 2 - Buffalo 1 | TOP OF THE 3RD |
---|
Kingston Iguanas batting - Pitching for Buffalo LightSabres : RHP Howard Jewel | Batting: RHB Sergio Mata | 0-0: Called Strike 0-1: Ground out 6-3 (Groundball, 56D) | Batting: LHB Jon Quinn | 0-0: Ball 1-0: DOUBLE (Line Drive, 9LM) - OUT at third base trying to stretch hit. | Batting: RHB Bobby Armstrong | 0-0: Ball 1-0: Ball 2-0: Called Strike 2-1: Called Strike 2-2: Foul Ball, location: 2F 2-2: Ball 3-2: Base on Balls | Batting: RHB Bob Lee | 0-0: Ball 1-0: Ball 2-0: Ground out 4-3 (Groundball, 4) | Top of the 3rd over - 0 runs, 1 hit, 0 errors, 1 left on base; Kingston 2 - Buffalo 1 | BOTTOM OF THE 3RD |
---|
Buffalo LightSabres batting - Pitching for Kingston Iguanas : RHP Josh Young | Batting: RHB Lou Hammond | 0-0: Ball 1-0: Ball 2-0: Ball 3-0: Called Strike 3-1: Base on Balls | Batting: RHB Raúl Flores | 0-0: Foul Ball, location: 2F 0-1: Foul Ball, location: 2F 0-2: Strikes out swinging | Batting: RHB Sean White | 0-0: Ball 1-0: Fly out, F6 (Popup, 6MS) | Batting: LHB Garrett King | 0-0: Ball 1-0: Ball 2-0: Called Strike 2-1: Fly out, F4 (Line Drive, 4) | Bottom of the 3rd over - 0 runs, 0 hits, 0 errors, 1 left on base; Kingston 2 - Buffalo 1 | TOP OF THE 4TH |
---|
Kingston Iguanas batting - Pitching for Buffalo LightSabres : RHP Howard Jewel | Batting: LHB Henry Durham | 0-0: Called Strike 0-1: Ball 1-1: Ball 2-1: Called Strike 2-2: Hit by Pitch | Batting: RHB Tim Davis | 0-0: SINGLE (Groundball, 34D) Henry Durham to second Runner from 2nd tries for 3rd, SAFE, throw made to third | Batting: SHB Júlio Valentín | 0-0: Called Strike 0-1: Ball 1-1: Foul Ball, location: 2F 1-2: Ball 2-2: Foul Ball, location: 2F 2-2: Ball 3-2: Base on Balls Tim Davis to second | Batting: RHB Cristián López | 0-0: Called Strike 0-1: Swinging Strike 0-2: SINGLE (Flyball, 9S) Henry Durham scores Tim Davis to third Júlio Valentín to second | Batting: LHB Billy Anderson | 0-0: Foul Ball, location: 2F 0-1: SINGLE (Line Drive, 89S) Tim Davis scores Júlio Valentín to third Cristián López to second Runner from 3rd tries for Home, SAFE, no throw | Batting: RHB Sergio Mata | 0-0: Called Strike 0-1: Ball 1-1: Swinging Strike 1-2: Strikes out swinging | Batting: LHB Jon Quinn | 0-0: Foul Ball, location: 2F 0-1: Ball 1-1: DOUBLE (Line Drive, 7D) Cristián López scores Billy Anderson to third Runner from 3rd tries for Home, SAFE, no throw | Batting: RHB Bobby Armstrong | 0-0: Called Strike 0-1: Ball 1-1: SINGLE (Groundball, 6MD) Jon Quinn to third | Batting: RHB Bob Lee | 0-0: Called Strike 0-1: Swinging Strike 0-2: Strikes out swinging | Batting: LHB Henry Durham | 0-0: Called Strike 0-1: Foul Ball, location: 2F 0-2: Strikes out swinging | Top of the 4th over - 5 runs, 5 hits, 0 errors, 2 left on base; Kingston 7 - Buffalo 1 | BOTTOM OF THE 4TH |
---|
Buffalo LightSabres batting - Pitching for Kingston Iguanas : RHP Josh Young | Batting: RHB Mario Solís | 0-0: Foul Ball, location: 2F 0-1: TRIPLE (Groundball, 3L) | Batting: LHB Emílio Montoya | 0-0: Ball 1-0: SINGLE (Line Drive, 8LS) Mario Solís scores | Batting: RHB Huub Stolk | 0-0: Called Strike 0-1: Fly out, F8 (Flyball, 8LD) | Batting: RHB Pedro Romero | 0-0: Foul Ball, location: 2F 0-1: Ball Emílio Montoya steals 2nd base 1-1: Ball Passed Ball! Emílio Montoya to third 2-1: SINGLE (Line Drive, 4D) Emílio Montoya scores | Batting: RHB José Rosales | 0-0: Foul Ball, location: 2F 0-1: Swinging Strike 0-2: Grounds into double play, 5-4-3 (Groundball, 56) | Bottom of the 4th over - 2 runs, 3 hits, 0 errors, 0 left on base; Kingston 7 - Buffalo 3 | TOP OF THE 5TH |
---|
Kingston Iguanas batting - Pitching for Buffalo LightSabres : RHP Howard Jewel | Batting: RHB Tim Davis | 0-0: Ball 1-0: Ground out 5-3 (Groundball, 2L) | Batting: SHB Júlio Valentín | 0-0: Fly out, F7 (Flyball, 7LS) | Batting: RHB Cristián López | 0-0: Foul Ball, location: 2F 0-1: Called Strike 0-2: Strikes out swinging | Top of the 5th over - 0 runs, 0 hits, 0 errors, 0 left on base; Kingston 7 - Buffalo 3 | BOTTOM OF THE 5TH |
---|
Buffalo LightSabres batting - Pitching for Kingston Iguanas : RHP Josh Young | Batting: RHB Lou Hammond | 0-0: Called Strike 0-1: Ball 1-1: Foul Ball, location: 2F 1-2: Strikes out looking | Batting: RHB Raúl Flores | 0-0: Ball 1-0: Ball 2-0: Called Strike 2-1: DOUBLE (Line Drive, 7LM) | Batting: RHB Sean White | 0-0: Called Strike 0-1: Fly out, F7 (Flyball, 8LS) | Batting: LHB Garrett King | 0-0: Called Strike 0-1: SINGLE (Groundball, 6MD) Raúl Flores to third Runner from 3rd tries for Home, SAFE, throw made home | Batting: RHB Mario Solís | 0-0: Ball 1-0: Called Strike 1-1: Foul Ball, location: 2F 1-2: Ball 2-2: Strikes out swinging | Bottom of the 5th over - 1 run, 2 hits, 0 errors, 1 left on base; Kingston 7 - Buffalo 4 | TOP OF THE 6TH |
---|
Kingston Iguanas batting - Pitching for Buffalo LightSabres : RHP Howard Jewel | Pitching: RHP Gavin Robbins | | Batting: LHB Billy Anderson | 0-0: Foul Ball, location: 2F 0-1: Ball 1-1: Called Strike 1-2: SINGLE (Flyball, 9S) | Batting: RHB Sergio Mata | 0-0: Ball 1-0: Swinging Strike 1-1: Called Strike 1-2: Foul Ball, location: 2F 1-2: Ball 2-2: Ball 3-2: Base on Balls Billy Anderson to second | Batting: LHB Jon Quinn | 0-0: Called Strike 0-1: Grounds into double play, 4-6-3 (Groundball, 4) Billy Anderson to third | Batting: RHB Bobby Armstrong | 0-0: Called Strike 0-1: Ball 1-1: Ball 2-1: Ball 3-1: SINGLE (Line Drive, 7S) Billy Anderson scores | Batting: RHB Bob Lee | 0-0: Called Strike 0-1: Ball 1-1: Foul Ball, location: 2F 1-2: SINGLE (Line Drive, 89S) Bobby Armstrong to second | Batting: LHB Henry Durham | 0-0: Called Strike 0-1: Swinging Strike 0-2: Ball 1-2: Foul Ball, location: 2F 1-2: Fly out, F8 (Line Drive, 78M) | Top of the 6th over - 1 run, 3 hits, 0 errors, 2 left on base; Kingston 8 - Buffalo 4 | BOTTOM OF THE 6TH |
---|
Buffalo LightSabres batting - Pitching for Kingston Iguanas : RHP Josh Young | Batting: LHB Emílio Montoya | 0-0: Ball 1-0: Foul Ball, location: 2F 1-1: Called Strike 1-2: Foul Ball, location: 2F 1-2: Foul Ball, location: 2F 1-2: Ball 2-2: Ball 3-2: Strikes out looking | Batting: RHB Huub Stolk | 0-0: Ball 1-0: Foul Ball, location: 2F 1-1: Fly out, F6 (Line Drive, 6) | Batting: RHB Pedro Romero | 0-0: Ball 1-0: Swinging Strike 1-1: Foul Ball, location: 2F 1-2: Foul Ball, location: 2F 1-2: Foul Ball, location: 2F 1-2: Ground out 6-3 (Groundball, 6) | Bottom of the 6th over - 0 runs, 0 hits, 0 errors, 0 left on base; Kingston 8 - Buffalo 4 | TOP OF THE 7TH |
---|
Kingston Iguanas batting - Pitching for Buffalo LightSabres : RHP Gavin Robbins | Batting: RHB Tim Davis | 0-0: Foul Ball, location: 2F 0-1: Foul Ball, location: 2F 0-2: Ball 1-2: Strikes out looking | Batting: SHB Júlio Valentín | 0-0: Foul Ball, location: 2F 0-1: Ball 1-1: Called Strike 1-2: Ball 2-2: Strikes out swinging | Batting: RHB Cristián López | 0-0: Ball 1-0: Ball 2-0: Called Strike 2-1: Ball 3-1: Base on Balls | Batting: LHB Billy Anderson | 0-0: Ball 1-0: DOUBLE (Line Drive, 9LM) Cristián López to third | Batting: RHB Sergio Mata | 0-0: Foul Ball, location: 2F 0-1: Ball Wild Pitch! Cristián López scores Billy Anderson to third 1-1: Ball 2-1: Called Strike 2-2: Reached on error, E6 (Groundball, 6) Billy Anderson scores | Batting: LHB Jon Quinn | 0-0: Fly out, F7 (Flyball, 7S) | Top of the 7th over - 2 runs, 1 hit, 1 error, 1 left on base; Kingston 10 - Buffalo 4 | BOTTOM OF THE 7TH |
---|
Buffalo LightSabres batting - Pitching for Kingston Iguanas : RHP Josh Young | Batting: RHB José Rosales | 0-0: Ball 1-0: Called Strike 1-1: Swinging Strike 1-2: Ball 2-2: Foul Ball, location: 2F 2-2: Ground out 6-3 (Groundball, 6) | Batting: RHB Lou Hammond | 0-0: Ball 1-0: Ball 2-0: Ball 3-0: Called Strike 3-1: Base on Balls | Pitching: RHP Anastasio Cervantes | | Batting: RHB Raúl Flores | 0-0: Called Strike Lou Hammond steals 2nd base 0-1: Ball Lou Hammond steals 3rd base 1-1: Fly out, F6 (Line Drive, 6) | Batting: RHB Sean White | 0-0: Fly out, F8 (Flyball, 8RM) | Bottom of the 7th over - 0 runs, 0 hits, 0 errors, 1 left on base; Kingston 10 - Buffalo 4 | TOP OF THE 8TH |
---|
Kingston Iguanas batting - Pitching for Buffalo LightSabres : RHP Gavin Robbins | Batting: RHB Bobby Armstrong | 0-0: Ball 1-0: Fly out, F8 (Flyball, 8LM) | Batting: RHB Bob Lee | 0-0: Ball 1-0: Called Strike 1-1: Called Strike 1-2: Ground out 4-3 (Groundball, 4) | Batting: LHB Henry Durham | 0-0: Ball 1-0: Called Strike 1-1: Swinging Strike 1-2: Strikes out swinging | Top of the 8th over - 0 runs, 0 hits, 0 errors, 0 left on base; Kingston 10 - Buffalo 4 | BOTTOM OF THE 8TH |
---|
Buffalo LightSabres batting - Pitching for Kingston Iguanas : RHP Anastasio Cervantes | Batting: LHB Garrett King | 0-0: Swinging Strike 0-1: Swinging Strike 0-2: Ball 1-2: Ground out U3 (Groundball, 3L) | Batting: RHB Mario Solís | 0-0: Ball 1-0: Ball 2-0: Foul Ball, location: 2F 2-1: Foul Ball, location: 2F 2-2: Ball 3-2: DOUBLE (Flyball, 8LXD) | Batting: LHB Emílio Montoya | 0-0: Ball 1-0: Ground out 4-3 (Groundball, 4) Mario Solís to third | Batting: RHB Huub Stolk | 0-0: Ball 1-0: Ball 2-0: Called Strike 2-1: Fly out, F6 (Line Drive, 6) | Bottom of the 8th over - 0 runs, 1 hit, 0 errors, 1 left on base; Kingston 10 - Buffalo 4 | TOP OF THE 9TH |
---|
Kingston Iguanas batting - Pitching for Buffalo LightSabres : RHP Gavin Robbins | Batting: RHB Tim Davis | 0-0: Ball 1-0: Foul Ball, location: 2F 1-1: Ball 2-1: Ball 3-1: SOLO HOME RUN (Flyball, 7LD), Distance : 357 ft | Batting: SHB Júlio Valentín | 0-0: Called Strike 0-1: Ball 1-1: Ball 2-1: SINGLE (Groundball, 4MD) | Pitching: LHP Bobby MacGruder | | Batting: RHB Cristián López | 0-0: Ball 1-0: Called Strike 1-1: Ball 2-1: Ball 3-1: Base on Balls Júlio Valentín to second | Batting: LHB Billy Anderson | 0-0: Called Strike 0-1: Called Strike 0-2: Ball 1-2: Ball 2-2: Foul Ball, location: 2F 2-2: Foul Ball, location: 2F Balk! Júlio Valentín to third Cristián López to second 2-2: Ball 3-2: Base on Balls | Batting: RHB Sergio Mata | 0-0: Swinging Strike 0-1: Swinging Strike 0-2: Ball 1-2: Fly out, F9 (Flyball, 9LM) Runner from 3rd tags up, OUT at HOME Cristián López to third Billy Anderson to second | Batting: LHB Jon Quinn | 0-0: Swinging Strike 0-1: Foul Ball, location: 2F 0-2: Ball 1-2: Ball 2-2: Ground out U3 (Groundball, 3) | Top of the 9th over - 1 run, 2 hits, 0 errors, 2 left on base; Kingston 11 - Buffalo 4 | BOTTOM OF THE 9TH |
---|
Buffalo LightSabres batting - Pitching for Kingston Iguanas : RHP Anastasio Cervantes | Batting: RHB Pedro Romero | 0-0: Called Strike 0-1: Ground out 6-3 (Groundball, 6M) | Batting: RHB José Rosales | 0-0: Ball 1-0: Called Strike 1-1: Foul Ball, location: 2F 1-2: Foul Ball, location: 2F 1-2: Ball 2-2: Foul Ball, location: 2F 2-2: Ground out 5-3 (Groundball, 56) | Batting: RHB Lou Hammond | 0-0: Foul Ball, location: 2F 0-1: Ball 1-1: Ground out 4-3 (Groundball, 4M) | Bottom of the 9th over - 0 runs, 0 hits, 0 errors, 0 left on base; Kingston 11 - Buffalo 4 | |